[ AOE2 MATCH · #506513211 ]
UnrankedGoths vs Malians
Player's team · WIN
Rival team · LOSS
[ REPLAY ANALYSIS · EXTRACTED FROM THE RECORDED GAME ]
Feudal
11:23
Castle
15:20
Imperial
—
| APM avg | 61.4 |
| APM peak | 91 |
| eAPM avg | 27.6 |
| Villagers / military | 39 / 9 |
Focus
⚔️ 33.3% · 🌾 66.7%
Huskarl ×8 · Mangonel ×1
Feudal
8:25
Castle
—
Imperial
—
| APM avg | 79.7 |
| APM peak | 164 |
| eAPM avg | 48.7 |
| Villagers / military | 44 / 0 |
Focus
⚔️ 59.2% · 🌾 40.8%
Match map
Initial resources + every placement click. Lines = walls · curves = elevation contours. ◆ gold · ⬟ stone · ● berries · ✦ relic · ◌ wall gap
Your base· ✓ Closed at 15:20 · 35t walls · 3 gate(s)
hk | DedeadorBoing's base· ✓ Closed at 17:59 · 10t walls · 2 gate(s)
Smoothed initial terrain · ◌ = detected wall gap · hover for details
Inputs per minute
— Sapfiros - - hk | DedeadorBoing
Build order — Sapfiros
104 actions detected in the replay
| 0:00 | Create | Villager (Male) |
| 0:02 | Build | House |
| 0:03 | Build | House |
| 0:05 | Create | Villager (Male) |
| 0:05 | Create | Villager (Male) |
| 0:10 | Create | Villager (Male) |
| 0:10 | Create | Villager (Male) |
| 1:24 | Create | Villager (Male) |
| 2:05 | Create | Villager (Male) |
| 2:05 | Create | Villager (Male) |
| 2:07 | Create | Villager (Male) |
| 2:08 | Build | Lumber Camp |
| 2:56 | Create | Villager (Male) |
| 2:56 | Create | Villager (Male) |
| 2:56 | Create | Villager (Male) |
| 3:20 | Create | Villager (Male) |
| 3:20 | Create | Villager (Male) |
| 3:27 | Build | House |
| 3:28 | Build | House |
| 3:43 | Build | House |
| 4:02 | Create | Villager (Male) |
| 4:03 | Create | Villager (Male) |
| 4:34 | Create | Villager (Male) |
| 4:35 | Create | Villager (Male) |
| 4:59 | Create | Villager (Male) |
| 5:10 | Build | Mill |
| 5:24 | Create | Villager (Male) |
| 5:34 | Create | Villager (Male) |
| 6:38 | Create | Villager (Male) |
| 6:42 | Create | Villager (Male) |
| 7:02 | Build | Farm |
| 7:04 | Build | Farm |
| 7:19 | Build | Lumber Camp |
| 7:19 | Create | Villager (Male) |
| 7:20 | Create | Villager (Male) |
| 7:55 | Create | Villager (Male) |
| 8:14 | Create | Villager (Male) |
| 8:52 | Build | Mining Camp |
| 8:54 | Research | Feudal Age |
| 8:58 | Research | Loom |
| 9:05 | Build | Palisade Wall |
| 9:11 | Create | Villager (Male) |
| 9:11 | Research | Feudal Age |
| 9:28 | Build | Palisade Wall |
| 9:29 | Build | Palisade Wall |
| 9:34 | Build | Palisade Wall |
| 9:37 | Build | Palisade Wall |
| 9:39 | Build | Palisade Wall |
| 9:39 | Build | Palisade Wall |
| 9:42 | Build | Palisade Wall |
| 9:53 | Create | Villager (Male) |
| 9:53 | Create | Villager (Male) |
| 11:00 | Create | Villager (Male) |
| 11:00 | Create | Villager (Male) |
| 11:13 | Build | Palisade Wall |
| 11:15 | Build | Palisade Wall |
| 11:23 | Age | Feudal Age |
| 11:31 | Build | Market |
| 11:43 | Build | Blacksmith |
| 11:48 | Build | Palisade Wall |
| 12:32 | Build | Mining Camp |
| 12:40 | Research | Castle Age |
| 12:40 | Research | Castle Age |
| 12:53 | Build | Palisade Wall |
| 13:05 | Build | Farm |
| 13:14 | Build | House |
| 13:25 | Build | Palisade Wall |
| 13:48 | Build | Palisade Gate |
| 14:17 | Build | House |
| 14:26 | Build | Farm |
| 14:28 | Research | Double-Bit Axe |
| 14:53 | Build | Farm |
| 14:53 | Build | Farm |
| 14:54 | Build | Farm |
| 14:54 | Build | Farm |
| 15:20 | Age | Castle Age |
| 15:21 | Research | Scale Mail Armor |
| 15:22 | Create | Villager (Male) |
| 15:22 | Create | Villager (Male) |
| 15:43 | Research | Bow Saw |
| 16:37 | Build | House |
| 16:52 | Build | Castle |
| 16:55 | Build | Mining Camp |
| 17:02 | Build | Farm |
| 17:02 | Build | Farm |
| 17:06 | Build | Farm |
| 17:08 | Research | Horse Collar |
| 17:13 | Create | Villager (Male) |
| 17:13 | Create | Villager (Male) |
| 17:16 | Build | House |
| 17:35 | Build | Mining Camp |
| 17:44 | Build | Siege Workshop |
| 18:07 | Create | Villager (Male) |
| 18:07 | Create | Villager (Male) |
| 18:21 | Create | Mangonel |
| 18:29 | Create | Villager (Male) |
| 18:34 | Create | Huskarl |
| 18:34 | Create | Huskarl |
| 18:56 | Create | Huskarl |
| 19:09 | Create | Huskarl |
| 19:34 | Create | Huskarl |
| 19:34 | Create | Huskarl |
| 20:22 | Create | Huskarl |
| 20:23 | Create | Huskarl |
Build order — hk | DedeadorBoing
101 actions detected in the replay
| 0:00 | Create | Villager (Male) |
| 0:01 | Build | House |
| 0:02 | Build | House |
| 0:03 | Create | Villager (Male) |
| 0:06 | Create | Villager (Male) |
| 0:09 | Create | Villager (Male) |
| 0:09 | Create | Villager (Male) |
| 1:25 | Create | Villager (Male) |
| 1:47 | Create | Villager (Male) |
| 1:58 | Build | Lumber Camp |
| 2:23 | Create | Villager (Male) |
| 2:23 | Create | Villager (Male) |
| 3:17 | Create | Villager (Male) |
| 3:33 | Create | Villager (Male) |
| 3:38 | Create | Villager (Male) |
| 3:58 | Build | House |
| 4:26 | Create | Villager (Male) |
| 4:57 | Create | Villager (Male) |
| 4:58 | Create | Villager (Male) |
| 5:01 | Create | Villager (Male) |
| 5:03 | Build | Mining Camp |
| 5:07 | Build | Mining Camp |
| 5:36 | Research | Loom |
| 6:14 | Research | Feudal Age |
| 7:08 | Build | House |
| 7:36 | Create | Villager (Male) |
| 8:25 | Age | Feudal Age |
| 8:31 | Research | Double-Bit Axe |
| 8:31 | Research | Double-Bit Axe |
| 8:35 | Build | Blacksmith |
| 8:36 | Build | House |
| 8:36 | Build | House |
| 8:40 | Create | Villager (Male) |
| 8:49 | Build | Watch Tower |
| 8:53 | Create | Villager (Male) |
| 9:25 | Build | House |
| 9:30 | Build | Mill |
| 9:33 | Create | Villager (Male) |
| 9:44 | Research | Fletching |
| 9:44 | Research | Fletching |
| 10:13 | Create | Villager (Male) |
| 10:49 | Create | Villager (Male) |
| 10:49 | Build | Farm |
| 10:56 | Build | Watch Tower |
| 11:02 | Create | Villager (Male) |
| 11:03 | Build | Farm |
| 11:21 | Build | Farm |
| 11:37 | Create | Villager (Male) |
| 11:51 | Create | Villager (Male) |
| 11:54 | Build | Farm |
| 12:14 | Build | Watch Tower |
| 12:19 | Create | Villager (Male) |
| 12:30 | Create | Villager (Male) |
| 12:32 | Build | Farm |
| 12:46 | Build | Farm |
| 12:48 | Create | Villager (Male) |
| 13:03 | Create | Villager (Male) |
| 13:08 | Create | Villager (Male) |
| 13:11 | Create | Villager (Male) |
| 13:39 | Build | Watch Tower |
| 14:09 | Create | Villager (Male) |
| 14:11 | Build | House |
| 14:16 | Build | Farm |
| 14:18 | Create | Villager (Male) |
| 14:18 | Create | Villager (Male) |
| 14:19 | Build | Farm |
| 14:21 | Build | Farm |
| 14:28 | Build | House |
| 14:28 | Build | House |
| 14:28 | Build | House |
| 14:36 | Build | Palisade Wall |
| 14:37 | Build | Palisade Wall |
| 14:38 | Build | Palisade Wall |
| 14:39 | Build | Palisade Wall |
| 15:10 | Create | Villager (Male) |
| 15:33 | Build | Mining Camp |
| 15:36 | Create | Villager (Male) |
| 15:40 | Build | House |
| 15:47 | Build | Outpost |
| 15:51 | Create | Villager (Male) |
| 15:55 | Build | House |
| 16:07 | Build | Farm |
| 16:30 | Build | Palisade Wall |
| 16:31 | Build | Palisade Wall |
| 16:42 | Create | Villager (Male) |
| 16:45 | Build | Farm |
| 17:10 | Build | Market |
| 17:59 | Research | Castle Age |
| 18:56 | Build | Stone Wall |
| 18:59 | Build | Stone Wall |
| 19:13 | Create | Villager (Male) |
| 19:20 | Create | Villager (Male) |
| 19:32 | Create | Villager (Male) |
| 19:33 | Create | Villager (Male) |
| 19:36 | Create | Villager (Male) |
| 19:48 | Build | Stone Wall |
| 19:55 | Create | Villager (Male) |
| 19:57 | Build | Stone Wall |
| 20:01 | Build | Stone Wall |
| 20:03 | Build | House |
| 20:15 | Build | House |
Match timeline
| 8:25 | hk | DedeadorBoing · age_up feudal |
| 9:05 | Sapfiros · wall_segment Palisade Wall x1 |
| 9:28 | Sapfiros · wall_segment Palisade Wall x1 |
| 9:29 | Sapfiros · wall_segment Palisade Wall x1 |
| 9:34 | Sapfiros · wall_segment Palisade Wall x1 |
| 9:37 | Sapfiros · wall_segment Palisade Wall x1 |
| 9:39 | Sapfiros · wall_segment Palisade Wall x1 |
| 9:39 | Sapfiros · wall_segment Palisade Wall x1 |
| 9:42 | Sapfiros · wall_segment Palisade Wall x10 |
| 11:13 | Sapfiros · wall_segment Palisade Wall x1 |
| 11:15 | Sapfiros · wall_segment Palisade Wall x6 |
| 11:23 | Sapfiros · age_up feudal |
| 11:48 | Sapfiros · wall_segment Palisade Wall x1 |
| 12:39 | Sapfiros · first_market_sell 100 wood |
| 12:53 | Sapfiros · wall_segment Palisade Wall x9 |
| 13:25 | Sapfiros · wall_segment Palisade Wall x1 |
| 14:36 | hk | DedeadorBoing · wall_segment Palisade Wall x2 |
| 14:37 | hk | DedeadorBoing · wall_segment Palisade Wall x3 |
| 14:38 | hk | DedeadorBoing · wall_segment Palisade Wall x3 |
| 14:39 | hk | DedeadorBoing · wall_segment Palisade Wall x2 |
| 15:20 | Sapfiros · age_up castle |
| 16:30 | hk | DedeadorBoing · wall_segment Palisade Wall x1 |
| 16:31 | hk | DedeadorBoing · wall_segment Palisade Wall x1 |
| 16:52 | Sapfiros · first_building Castle |
| 17:44 | Sapfiros · first_building Siege Workshop |
| 17:59 | hk | DedeadorBoing · first_market_sell 100 food |
| 18:56 | hk | DedeadorBoing · wall_segment Stone Wall x5 |
| 18:59 | hk | DedeadorBoing · wall_segment Stone Wall x8 |
| 19:48 | hk | DedeadorBoing · wall_segment Stone Wall x1 |
| 19:57 | hk | DedeadorBoing · wall_segment Stone Wall x7 |
| 20:01 | hk | DedeadorBoing · wall_segment Stone Wall x7 |
| 20:29 | hk | DedeadorBoing · resign |
[ AI ANALYSIS · 1 CREDIT ]
What really happened in this match?
Wolo.gg analyzes every decision: build order, eco, micro, common mistakes by bracket. Personalized analysis on WhatsApp or Discord in 30 seconds.
Civ guide
Goths
Perfil
Sapfiros